 Dungeon Crawl Stone Soup version 0.19.5 (webtiles) character file.

46 sankara the Ruffian (level 3, 0/29 HPs)
             Began as a Minotaur Transmuter on Mar 26, 2017.
             Slain by Sigmund
             ... wielding a +0 scythe
              (12 damage)
             ... on level 2 of the Dungeon.
             The game lasted 00:06:04 (1340 turns).

sankara the Ruffian (Minotaur Transmuter)           Turns: 1340, Time: 00:06:05

Health: 0/29       AC:  3    Str: 14    XL:     3   Next: 44%
Magic:  3/4        EV: 12    Int: 10    God:
Gold:   24         SH:  0    Dex: 11    Spells: 2 memorised, 1 level left

rFire  . . .     SeeInvis .       - Unarmed
rCold  . . .     Gourm    .     b - +0 robe
rNeg   . . .     Faith    .     (no shield)
rPois  .         Spirit   .     (helmet restricted)
rElec  .         Reflect  .     (no cloak)
rCorr  .         Harm     .     j - +0 pair of gloves
MR     .....                    (no boots)
Stlth  +.........               (no amulet)
                                (no ring)
                                (no ring)

@: flying
A: retaliatory headbutt, horns 2
a: no special abilities


You were on level 2 of the Dungeon.
You were hungry.

You visited 1 branch of the dungeon, and saw 2 of its levels.

You collected 24 gold pieces.

Inventory:

Missiles
 a - 27 arrows
Armour
 b - a +0 robe (worn)
 j - a +0 pair of gloves (worn)
 m - a +0 ring mail
Jewellery
 n - an uncursed ring of protection from cold {unknown}
Scrolls
 e - a scroll of amnesia {unknown}
 h - 2 scrolls of identify {unknown}
 i - a scroll of fear {unknown}
Potions
 f - 2 potions of flight
Books
 c - a book of Changes

   Spells                             Type                      Level
   a - Beastly Appendage              Transmutation                1
   b - Sticks to Snakes               Transmutation                2
   c - Spider Form                    Transmutation/Poison         3
   d - Ice Form                       Ice/Transmutation            4
   e - Blade Hands                    Transmutation                5
Comestibles
 d - a bread ration


   Skills:
 + Level 1.9 Fighting
 + Level 2.5 Dodging
 + Level 3.8 Unarmed Combat
 - Level 1.3 Spellcasting
 * Level 2.3 Transmutations


You had one spell level left.
You knew the following spells:

 Your Spells              Type           Power        Failure   Level  Hunger
a - Beastly Appendage     Tmut           #.....       14%         1    ##.....
b - Sticks to Snakes      Tmut           #.......     21%         2    ###....


Dungeon Overview and Level Annotations

Branches:
Dungeon (2/15)

Altars:

Annotations:
D:2 Sigmund


Innate Abilities, Weirdness & Mutations

You reflexively headbutt those who attack you in melee.
You have a pair of horns on your head.


Message History

You hit Sigmund. Your kick misses Sigmund. You headbutt Sigmund.
Sigmund is lightly wounded.
Sigmund closely misses you.
You hit Sigmund. Your kick misses Sigmund.
Sigmund is moderately wounded.
Sigmund misses you.
You hit Sigmund. Your kick misses Sigmund.
Sigmund is heavily wounded.
You closely miss Sigmund. Your kick misses Sigmund.
You headbutt Sigmund, but do no damage.
Sigmund is heavily wounded.
Sigmund mumbles some strange words.
Sigmund flickers and vanishes!
No target in view!
You closely miss something. Something hits you!
You miss something. Your kick misses something. You miss something.
Your headbutt misses something.
Your talons disappear.
Something hits you!
You die...

.K..
..######..###.##
###.. #####
##.#...## #.
#...######...#.##
@.
#..............#
#...######...###
##.## ##.## #.#
#.###### #{#
#......# #@#
######.# #.# #.#
#.# #.# #.# #####
#.# #.###...# #.#
#<......# #.#
#####...# #.#
##.## #.# #.# #.#


There were no monsters in sight!

Vanquished Creatures
  A gnoll (D:1)
  A leopard gecko (D:2)
  2 giant cockroaches (D:1)
  2 goblins
  7 hobgoblins
  4 jackals (D:1)
  2 ball pythons (D:1)
  2 bats (D:1)
  3 frilled lizards (D:1)
  6 kobolds
  3 rats (D:1)
33 creatures vanquished.

Notes
Turn   | Place    | Note
-------+----------+-------------------------------------------
     0 | D:1      | sankara the Minotaur Transmuter began the quest for the Orb.
     0 | D:1      | Reached XP level 1. HP: 16/16 MP: 1/1
   278 | D:1      | Reached XP level 2. HP: 23/23 MP: 3/3
   733 | D:1      | Reached XP level 3. HP: 24/28 MP: 2/4
   743 | D:1      | Learned a level 2 spell: Sticks to Snakes
  1115 | D:2      | Noticed Sigmund
  1340 | D:2      | Slain by Sigmund

Skill      XL: |  1  2 |
---------------+-------+-----
Transmutations | 2 |  2.3
Fighting       | |  1.9
Dodging        | |  2.5
Unarmed Combat | |  3.8
Spellcasting   | |  1.3

Action                   || total
-------------------------++-------
Melee: Unarmed           ||    94
       Headbutt          ||    11
       Kick              ||     4
 Cast: Beastly Appendage ||     7
  Use: Potion            ||     3
  Eat: Chunk             ||     1
Armor: Robe              ||    17
Dodge: Dodged            ||    55
